 Dungeon Crawl Stone Soup version 0.27.1-33-g824d729ab1 (webtiles) character file.

Game seed: 15501228907392072871

1487 klutch the Covered (level 8, -7/71 HPs)
             Began as a Minotaur Fighter on Dec 4, 2021.
             Mangled by a hornet (9 damage)
             ... while paralysed by a hornet
             ... on level 6 of the Dungeon.
             The game lasted 00:25:10 (5561 turns).

klutch the Covered (Minotaur Fighter)               Turns: 5561, Time: 00:25:10

Health: -7/71      AC: 10    Str: 22    XL:     8   Next: 50%
Magic:  7/7        EV:  2    Int:  5    God:
Gold:   354        SH:  0    Dex: 11    Spells: 7/7 levels left

rFire    . . .     SeeInvis .   a - +0 flail (protect)
rCold    . . .     Faith    .   (no shield)
rNeg     . . .     Spirit   .   b - +0 scale mail
rPois    .         Reflect  .   (helmet restricted)
rElec    .         Harm     .   f - +1 cloak
rCorr    .         Rampage  .   (no gloves)
Will     .....                  (no boots)
Stlth    ..........             (no amulet)
HPRegen  0.21/turn              (no ring)
MPRegen  0.10/turn              (no ring)

@: paralysed, lethally poisoned (-7 -> -14), slowed, studying Armour
A: horns 2, retaliatory headbutt
a: no special abilities


You were on level 6 of the Dungeon.
You visited 1 branch of the dungeon, and saw 7 of its levels.

You collected 354 gold pieces.

Inventory:

Hand Weapons
 a - a +0 flail of protection (weapon)
Missiles
 g - 185 stones (quivered)
 h - a throwing net
 o - 10 poisoned darts
Armour
 b - a +0 scale mail (worn)
 f - a +1 cloak (worn)
Wands
 i - a wand of flame (48)
Scrolls
 j - 2 scrolls of teleportation
 l - 2 scrolls of identify
 q - a scroll of brand weapon
Potions
 c - a potion of mutation {unknown}
 d - 2 potions of brilliance {unknown}
 e - 2 potions of curing
 m - 2 potions of attraction {unknown}
 n - a potion of ambrosia {unknown}
 r - a potion of degeneration {unknown}


   Skills:
 + Level 6.7 Fighting
 + Level 6.1 Maces & Flails
 + Level 7.6 Armour
 + Level 5.0 Dodging
 - Level 3.7 Shields
 + Level 4.9 Unarmed Combat


You had 7 spell levels left.
You didn't know any spells.
Your spell library contained the following spells:

 Spells                   Type           Power      Damage    Failure   Level
 Sting                    Tmut/Pois      0%         1d3       77%         1
 Poisonous Vapours        Pois/Air       0%         N/A       88%         2
 Frozen Ramparts          Ice            0%         1d2       98%         3
 Hailstorm                Conj/Ice       0%         3d3       100%        4
 Olgreb's Toxic Radiance  Pois           0%         N/A       100%        4
 Summon Lightning Spire   Summ/Air       0%         N/A       100%        4


Dungeon Overview and Level Annotations

Branches:
Dungeon (7/15)
 Temple: D:4-7

Altars:
Ashenzari
Dithmenos
Hepliaklqana
Qazlal
Ru
The Shining One

Shops:
D:3 ?


Innate Abilities, Weirdness & Mutations

You have a pair of horns on your head.
You reflexively headbutt those who attack you in melee.


Message History

The centaur skeleton hits you but does no damage.
The centaur skeleton misses you. The hornet stings you!
You feel as though you will be slow longer.
The centaur skeleton hits you but does no damage.
The centaur skeleton closely misses you.
The hornet stings you but does no damage.
The centaur skeleton misses you.
The centaur skeleton kicks you but does no damage.
You feel sick. The hornet misses you. You furiously retaliate!
You headbutt the hornet, but do no damage.
The hornet stings you.
You are more poisoned.
You feel as though you will be slow longer.
You feel very sick.
You feel very sick. The hornet stings you!
You feel as though you will be slow longer.
There is a stone staircase leading up here.
You feel sick.
The hornet stings you but does no damage.
The hornet misses you. You furiously retaliate!
You headbutt the hornet, but do no damage.
The centaur skeleton hits you but does no damage.
The centaur skeleton kicks you but does no damage.
The hornet stings you but does no damage.
You climb upwards.
You feel very sick.
There is a stone staircase leading down here.
You closely miss the hornet.
The hornet is lightly wounded.
You feel sick. The hornet closely misses you. The hornet stings you!
* * * LOW HITPOINT WARNING * * *
You are more poisoned.
You suddenly lose the ability to move!
You feel very sick. The hornet stings you!
* * * LOW HITPOINT WARNING * * *
You feel as though you will be slow longer.
The hornet stings you!
You die...

##.#.#.#.....## ##.#####)#
##.#..........## ##......†)#
.....>..##...#.###.######..######
##......##..##..#................
##...........###...##############
#.......[....###...#
.......####........#
..........##.###..##
.......###......@y# .......#
#.#.####.#########
.......###.#..............######
..................#########P^^PP#
...........######## #....P#
...###.#.### #.^_PP. #.##
#.#.########### ###PP..P# #.#
#.............# #.#^PP^. #.#
#...#########.# #.#######


You could see a hornet.

Vanquished Creatures
  Sigmund (D:2)
  Menkaure (D:6)
  2 ice beasts
  A necrophage (D:6)
  A bullfrog (D:6)
  2 kobold brigands (D:6)
  Blork the orc (D:6)
  A scorpion (D:5)
  A bullfrog zombie (D:6)
  4 hounds
  A bullfrog skeleton (D:6)
  An orc priest (D:6)
  A centaur skeleton (D:5)
  A gnoll shaman (D:7)
  2 iguanas
  2 orc wizards
  A hound skeleton (D:5)
  8 adders
  6 gnolls
  A shadow imp (D:5)
  An ufetubus (D:6)
  An adder zombie (D:4)
  An adder skeleton (D:4)
  A worm (D:2)
  A dart slug (D:1)
  18 orcs
  4 ball pythons
  5 endoplasms
  3 giant cockroaches
  5 goblins
  11 hobgoblins
  15 kobolds
  2 quokkas
  5 bats
  4 frilled lizards
  4 rats
120 creatures vanquished.

Vanquished Creatures (others)
  A rat (D:1)
1 creature vanquished.

Grand Total: 121 creatures vanquished

Notes
Turn   | Place    | Note
-------+----------+-------------------------------------------
     0 | D:1      | klutch the Minotaur Fighter began the quest for the Orb.
     0 | D:1      | Reached XP level 1. HP: 19/19 MP: 0/0
   220 | D:1      | Reached XP level 2. HP: 27/27 MP: 1/1
   299 | D:1      | Got the Incunabulum of Supportive Snow
   387 | D:1      | Found a faded altar of an unknown god.
   520 | D:1      | Reached skill level 1 in Unarmed Combat
   564 | D:1      | Reached skill level 1 in Dodging
   730 | D:2      | Reached skill level 4 in Armour
   730 | D:2      | Reached XP level 3. HP: 18/33 MP: 2/2
  1055 | D:2      | Noticed Sigmund
  1060 | D:2      | Killed Sigmund
  1061 | D:2      | Reached XP level 4. HP: 29/41 MP: 3/3
  1061 | D:2      | Reached XP level 5. HP: 33/47 MP: 4/4
  1673 | D:3      | Found Xichost's Magic Scroll Emporium.
  2164 | D:3      | Reached XP level 6. HP: 55/55 MP: 5/5
  2588 | D:4      | Reached skill level 5 in Fighting
  2588 | D:4      | Reached skill level 5 in Armour
  2926 | D:4      | Noticed a shadow
  2930 | D:4      | Found a shadowy altar of Dithmenos.
  2931 | D:4      | Found a hazy altar of Hepliaklqana.
  3271 | D:5      | Entered Level 5 of the Dungeon
  3272 | D:5      | Found a broken altar of Ashenzari.
  3380 | D:5      | Noticed an ice beast
  3390 | D:5      | Killed an ice beast
  3391 | D:5      | Reached XP level 7. HP: 61/61 MP: 6/6
  3672 | D:5      | Found a glowing golden altar of the Shining One.
  3767 | D:5      | Found a stormy altar of Qazlal.
  4111 | D:5      | Identified a scroll of acquirement
  4111 | D:5      | Acquired a manual of Armour
  4275 | D:6      | Reached skill level 5 in Maces & Flails
  4286 | D:6      | Reached skill level 6 in Armour
  4516 | D:6      | Noticed Blork the orc
  4525 | D:6      | Killed Blork the orc
  4526 | D:6      | Reached XP level 8. HP: 46/70 MP: 7/7
  4927 | D:6      | Found a sacrificial altar of Ru.
  4993 | D:6      | Found a sacrificial altar of Ru.
  4997 | D:6      | Reached skill level 7 in Armour
  5212 | D:6      | Noticed Menkaure
  5221 | D:6      | Killed Menkaure
  5544 | D:7      | Noticed a hornet
  5548 | D:7      | Reached skill level 5 in Dodging
  5560 | D:6      | Paralysed by a hornet for 2 turns
  5561 | D:6      | HP: 2/71 [hornet (11)]
  5561 | D:6      | Mangled by a hornet

Illustrated notes

Levels and vault maps discovered:
D:1:      shiori_arrival_oz, layout_rooms, shapermc_ecumenical_altar_ellora
D:2:      layout_loops_cross, uniq_sigmund
D:3:      layout_loops_cross, serial_shops, shop
D:4:      layout_basic, riverfiend_overflow_shadow_ancestor
D:5:      layout_loops_cross, mainiacjoe_overflow_24_doors,
          mainiacjoe_overflow_catwalk, mainiacjoe_overflow_small_starburst
D:6:      layout_loops_ring, nicolae_ru_the_path_less_chosen,
          kennysheep_small_circle, uniq_blork_the_orc, uniq_menkaure
D:7:      layout_basic, kennysheep_mini, minmay_temple_entry_sparse_star

Skill      XL: |  1  2  3  4  5  6  7  8 |
---------------+-------------------------+-----
Unarmed Combat | 1 2 3 4 |  4.9
Dodging        | 1 2 3 4 5 |  5.0
Fighting       | 4 5 6 |  6.7
Armour         | 4 5 6 7 |  7.6
Maces & Flails | 3 4 5 6 |  6.1
Shields        | |  3.7

Action                   |  1- 3 |  4- 6 |  7- 9 || total
-------------------------+-------+-------+-------++-------
Melee: Flail             |    73 |   115 |   108 ||   296
       Headbutt          |     6 |    21 |    30 ||    57
       Punch             |     2 |     3 |     2 ||     7
Throw: Boomerang         |       |     4 |       ||     4
       Stone             |       |     5 |     9 ||    14
  Use: Potion            |     1 |       |       ||     1
       Scroll            |       |     4 |     5 ||     9
Armor: Scale mail        |    30 |    69 |    68 ||   167
Dodge: Dodged            |    30 |    61 |    89 ||   180
Block: Kite shield       |    26 |       |       ||    26
